cohdb
Replays
Latest Replays
All Replays
Popular Replays
Top Player Replays
Match Explorer
How It Works
Community
CoH3 Stats
Reddit
Sign in to upload your games and track your stats! →
Sign in with Steam
Match 25717625
Unlisted
Match 25717625
Overview
Messages
Build Orders
End
Kettenkrad Recon Vehicle
Construct Infanterie Kompanie
Selects Breakthrough Battlegroup
Selects Assault Grenadiers
MG 42 Machine Gun Team
Grenadier Squad
Grenadier Squad
Construct Panzergrenadier Kompanie
Selects Rapid Production
251 Medium Carrier
251 Medium Carrier
Panzergrenadier Squad
Selects Breakthrough
Pak 40 Anti-tank Gun Team
Construct Panzer Kompanie
Selects Incendiary Bombing Run
Incendiary Bombing Run
Pioneer Squad
Panzergrenadier Squad
Pioneer Squad
饴果子
Semmelweis
6717893
ChuaMC
Toast
TidaL
0
0
Comments
sign in to comment!
No comments posted yet!